[Event "*** Titled Tuesday Blitz"]
[Site "Chess.com"]
[Date "2020.05.05"]
[Round "5"]
[White "SahajGrover"]
[Black "GianmarcoVaR"]
[Result "1-0"]
[WhiteElo "2725"]
[BlackElo "2546"]
[TimeControl "180+1"]
[EndTime "10:56:57 PDT"]
[Termination "SahajGrover won on time"]

1. d4 Nf6 2. Bf4 e6 3. e3 c5 4. c3 Be7 5. Nd2 O-O 6. Bd3 b6 7. Qf3 Nc6 8. Ne2 cxd4 9. exd4 Bb7 10. Qh3 Re8 11. Ng3 d6 12. O-O-O h6 13. Nge4 Nd5 14.
Bxh6 gxh6 15. Qxh6 Bf8 16. Qh5 Bg7 17. Ng5 Qf6 18.
Nde4 Qh6 19. Qxf7+ Kh8 20. Qxb7 Ncb4 21. Kb1 Rf8 22.
cxb4 Rab8 23. Qxb8 Rxb8 24. Nf7+ Kg8 25. Nxh6+ Bxh6 26.
Bc4 Kf7 27. Bxd5 exd5 28. Nxd6+ Ke6 29. Nb5 Kd7 30. Rhe1 Rg8 31. g3 a6 32. Nc3 Kd6 33.
Re5 Rg5 34. f4 1-0

[Event "*** Titled Tuesday Blitz"]
[Site "Chess.com"]
[Date "2020.05.05"]
[Round "5"]
[White "MisiekZielony"]
[Black "Fh2411"]
[Result "0-1"]
[WhiteElo "2151"]
[BlackElo "2463"]
[TimeControl "180+1"]
[EndTime "10:56:57 PDT"]
[Termination "Fh2411 won on time"]

1. c4 c6 2. Nc3 d5 3. cxd5 cxd5 4.
d4 Nf6 5. Nf3 Nc6 6. Bf4 Bf5 7.
e3 e6 8. Bb5 Bb4 9. Bxc6+ bxc6 10. O-O Bxc3 11. bxc3 O-O 12. Ne5 Qc8 13. c4 Qa6 14. c5 h6 15. h3 Rfe8 16. g4 Bh7 17. f3 Rad8 18. Rf2 Nd7 19. Nxd7 Rxd7 20. Rb2 Rb7 21.
Rxb7 Qxb7 22. Qb3 Re7 23. Bd6 Rd7 24. Rc1 Qxb3 25. axb3 Rb7 26. Ra1 Bd3 27. Kf2 a6 28. Ra2 Rxb3 29. Ke1 f6 30. Kd2 Bb5 31. h4 Rd3+ 32. Ke1 Rxe3+ 33. Kf2 Rd3 34. g5 hxg5 35. hxg5 Kf7 36. gxf6 gxf6 37. Ra1 Rxd4 38. Rh1 e5 39. Rh7+ Kg6 40. Ra7 Rf4 41. Rc7 d4 42.
Kg3 d3 0-1

[Event "*** Titled Tuesday Blitz"]
[Site "Chess.com"]
[Date "2020.05.05"]
[Round "5"]
[White "AthanasiusLefebvre"]
[Black "Ariadna_Atreides"]
[Result "0-1"]
[WhiteElo "2069"]
[BlackElo "1994"]
[TimeControl "180+1"]
[EndTime "10:56:57 PDT"]
[Termination "Ariadna_Atreides won on time"]

1. Nf3 d5 2. d3 Nf6 3. g3 g6 4. Bg2 Bg7 5. O-O O-O 6. c4 c6 7. Nc3 d4 8. Na4 Re8 9. b4 e5 10. Rb1 h6 11. b5 cxb5 12. Rxb5 Nc6 13. Nc5 Qc7 14. Bb2 Bf8 15. e3 a6 16. Rxb7 Bxb7 17. Nb3 Na5 18. exd4 Nxb3 19. axb3 exd4 20. Bxd4 Bg7 21. Qa1 Nh5 22. b4 Bxd4 23. Qxd4 Rad8 24.
Qc3 Qd6 25. Rd1 Qf6 26. d4 Ng7 27. Rd2 Bxf3 28. Bxf3 Nf5 29. Bd5 Re1+ 30. Kg2 Ne3+ 31. Qxe3 Rxe3 32. fxe3 Qe7 33. Rf2 Qxe3 0-1

[Event "*** Titled Tuesday Blitz"]
[Site "Chess.com"]
[Date "2020.05.05"]
[Round "5"]
[White "Joshukid"]
[Black "DivyaDeshmukh23"]
[Result "0-1"]
[WhiteElo "2545"]
[BlackElo "2409"]
[TimeControl "180+1"]
[EndTime "10:56:58 PDT"]
[Termination "DivyaDeshmukh23 won by resignation"]

1. d4 Nf6 2. Nc3 d5 3. Bf4 Bf5 4. f3 e6 5. Nb5 Na6 6. e3 c6 7. Nc3 Bd6 8. Nge2 h6 9. a3 Bxf4 10. Nxf4 Qd6 11. Bxa6 bxa6 12. Qe2 O-O 13. Nd3 Rab8 14. b4 Bxd3 15. Qxd3 e5 16. O-O Rfe8 17. Na4 exd4 18. exd4 Nh5 19. Rae1 Nf4 20. Qxa6 Qg6 21. g3 h5 22. Kh1 Nh3 23. Kg2 Nf4+ 24. Kh1 Nh3 25. Re2 h4 26. gxh4 Nf4 27. Ref2 Re3 28. Nc5 Rxf3 29. Nd7 Rxf2 30. Rxf2 Qe4+ 31. Kg1 Nh3+ 32.
Kf1 Qh1+ 33. Ke2 Re8+ 34. Ne5 Qe4+ 35. Kf1 Nxf2 36. Kxf2 Qxd4+ 0-1

[Event "*** Titled Tuesday Blitz"]
[Site "Chess.com"]
[Date "2020.05.05"]
[Round "5"]
[White "Luibov_AN"]
[Black "calin_dragomirescu"]
[Result "0-1"]
[WhiteElo "2095"]
[BlackElo "2304"]
[TimeControl "180+1"]
[EndTime "10:56:58 PDT"]
[Termination "calin_dragomirescu won by resignation"]

1. d4 g6 2. Nf3 Bg7 3. e4 d6 4. c3 Nf6 5. Qc2 O-O 6. Bg5 Nc6 7. Bc4 Bg4 8. Nbd2 h6 9. Bh4 Bxf3 10. Nxf3 e6 11. e5 dxe5 12. dxe5 g5 13. exf6 Qxf6 14. Bg3 Rac8 15. O-O a6 16. a4 h5 17. Rfe1 h4 18. Be5 Nxe5 19. Nxe5 Rfd8 20. h3 Qf4 21.
Nf3 c6 22. Re4 Qf5 23. Rae1 b5 24. Bf1 Rd5 25. c4 Rdd8 26. b4 Rb8 27. axb5 axb5 28. cxb5 cxb5 29. Qc5 Rd5 30. Qc7 Rbd8 31. Bxb5 Bc3 32.
R1e2 Bf6 33. Re1 Rxb5 34. Qc6 Rbd5 35. Kh2 Kg7 36. Qc7 R5d7 37. Qc4 Qd5 38. Qe2 Qd3 39. Qa2 Qd6+ 40. Kg1 Qd5 41. Qxd5 exd5 42. Rg4 Kh6 43. Rb1 d4 44. b5 d3 45. b6 d2 46. Nxd2 Rxd2 47. b7 Rd1+ 48. Rxd1 Rxd1+ 49. Kh2 Rb1 50. f4 gxf4 51. Rxf4 Be5 0-1

[Event "*** Titled Tuesday Blitz"]
[Site "Chess.com"]
[Date "2020.05.05"]
[Round "5"]
[White "Tsyhanchuk_Stanislav"]
[Black "A-Fier"]
[Result "0-1"]
[WhiteElo "2591"]
[BlackElo "2786"]
[TimeControl "180+1"]
[EndTime "10:56:59 PDT"]
[Termination "A-Fier won on time"]

1. e4 c5 2. Nf3 e6 3. d4 cxd4 4.
Nxd4 Nc6 5. Nc3 Qc7 6. f4 Nxd4 7.
Qxd4 b6 8. Be3 Bb7 9. O-O-O Nf6 10. e5 Nd5 11. Nxd5 Bxd5 12. Kb1 Rc8 13. Rc1 Bc5 14. Qd2 O-O 15. Rg1 Bxe3 16. Qxe3 f6 17. Bd3 fxe5 18.
fxe5 Qc5 19. Qg5 Bc4 20. Be4 d5 21. Bf3 Rf5 22. Qg3 Qd4 23. Rge1 Qf4 24. Bg4 Qxg3 25. hxg3 g6 26. Bxf5 gxf5 27. b3 Bb5 28. c4 dxc4 29. Re3 Rc5 30. bxc4 Bxc4 31. Kb2 b5 32. a4 bxa4 33.
Rec3 Rb5+ 34. Ka1 Bd5 35. Rc8+ Kg7 36. R1c7+ Kh6 37. Rxa7 Rb3 38. Rg8 Be4 39. Rxa4 Rb5 40. Ra7 Rxe5 41. Rgg7 f4 42. gxf4 Rd5 43. g4 Rd2 44. Rgf7 Bg6 45. Rf6 Rf2 46. f5 Kg5 47.
fxe6 Rxf6 0-1

[Event "*** Titled Tuesday Blitz"]
[Site "Chess.com"]
[Date "2020.05.05"]
[Round "5"]
[White "RATNAKARAN"]
[Black "ErikRonka"]
[Result "0-1"]
[WhiteElo "2563"]
[BlackElo "2422"]
[TimeControl "180+1"]
[EndTime "10:56:59 PDT"]
[Termination "ErikRonka won by checkmate"]

1. e4 c6 2. d4 d5 3. e5 c5 4. c3 Nc6 5. f4 Qb6 6. dxc5 Qxc5 7. b4 Qb6 8. Qxd5 Nh6 9. Nf3 a5 10. b5 Be6 11. Qd2 Nb8 12. Qd4 Qc7 13. h3 Nf5 14. Qf2 h5 15. g3 Bd5 16. Rg1 e6 17. b6 Qc8 18. Bb5+ Nd7 19. Nd4 Nxd4 20. Qxd4 Bc5 21. Bxd7+ Kxd7 22. Qa4+ Bc6 23. Qd1+ Ke7 24. Ba3 Bxa3 25. Nxa3 Rd8 26. Qxh5 Be4 27. Qh4+ f6 28. Qg4 Kf7 29. Rc1 Qc5 30. Rf1 Qxa3 31. Kf2 Qb2+ 32. Ke3 Qd2+ 33. Kxe4 Qd3# 0-1

[Event "*** Titled Tuesday Blitz"]
[Site "Chess.com"]
[Date "2020.05.05"]
[Round "5"]
[White "leoduarte"]
[Black "norwaytoadog"]
[Result "1-0"]
[WhiteElo "2343"]
[BlackElo "2171"]
[TimeControl "180+1"]
[EndTime "10:56:59 PDT"]
[Termination "leoduarte won on time"]

1. e4 c5 2. Nf3 d6 3. d4 cxd4 4. Nxd4 Nf6 5. Nc3 a6 6. Be2 e5 7.
Nb3 Be7 8. O-O O-O 9. Be3 Be6 10. Qd3 Nbd7 11. Nd5 Bxd5 12. exd5 Rc8 13. c4 a5 14. Rac1 b6 15. Rfd1 Ne8 16. Bg4 Nef6 17. Bh3 a4 18. Nd2 g6 19. Nb1 Ne8 20. Bxd7 Qxd7 21. Na3 Rb8 22.
b4 f5 23. f3 e4 24. fxe4 f4 25. Bd4 Nf6 26. Nc2 Ng4 27. Ne1 Rbe8 28. Nf3 h5 29. Bxb6 Bf6 30. c5 dxc5 31. bxc5 1-0

[Event "*** Titled Tuesday Blitz"]
[Site "Chess.com"]
[Date "2020.05.05"]
[Round "5"]
[White "Jumbo"]
[Black "mirciulica14"]
[Result "1-0"]
[WhiteElo "2877"]
[BlackElo "2623"]
[TimeControl "180+1"]
[EndTime "10:57:00 PDT"]
[Termination "Jumbo won by resignation"]

1. d4 Nf6 2. Bf4 d5 3. e3 c5 4. c3 Nc6 5. Nd2 Qb6 6. Qb3 c4 7. Qxb6 axb6 8. e4 e6 9. a3 b5 10. exd5 exd5 11. Rc1 Bf5 12. Ngf3 O-O-O 13. Nh4 Bd7 14.
Be2 Re8 15. h3 h6 16. Be3 g5 17. Nhf3 Ne4 18. Nxe4 dxe4 19. Nd2 f5 20. d5 Ne5 21.
h4 Nd3+ 22. Bxd3 exd3 23. Kf1 Bg7 24. Nf3 f4 25. Bd4 Bxd4 26. Nxd4 g4 27. Re1 Kc7 28. f3 g3 29. h5 Kd6 30. Rh4 Rxe1+ 31. Kxe1 Re8+ 32. Kd2 Ke5 33. d6 Rf8 34. Rh1 Kxd6 35.
Re1 Rf7 36. Re4 Bc6 37. Re6+ Kc5 38. Rxh6 Rf8 39. Ne6+ Kd5 40. Nxf8 1-0

[Event "*** Titled Tuesday Blitz"]
[Site "Chess.com"]
[Date "2020.05.05"]
[Round "5"]
[White "Gabrielian_Artur"]
[Black "lupta_robin"]
[Result "1-0"]
[WhiteElo "2711"]
[BlackElo "2514"]
[TimeControl "180+1"]
[EndTime "10:57:00 PDT"]
[Termination "Gabrielian_Artur won by resignation"]

1. e4 c5 2. Nc3 Nc6 3. Bb5 Nd4 4. Bc4 e6 5. Nf3 Nf6 6. O-O a6 7. e5 d5 8. exf6 dxc4 9. fxg7 Bxg7 10. d3 cxd3 11.
Qxd3 b6 12. Nxd4 Qxd4 13. Qf3 Rb8 14. Bf4 Bb7 15. Qg3 Rc8 16. Rad1 Qf6 17. Rd6 Bc6 18. Re1 O-O 19. Re3 Qg6 20. Qh3 Qxc2 21. Rg3 Rfd8 22.
Qh6 Qg6 23. Rxg6 hxg6 24. Qh4 Rxd6 25. Bxd6 b5 26. Ne4 Bxe4 27. Qxe4 Bxb2 28. h4 c4 29. Qb7 Rd8 30. Qc7 Re8 31. Qd7 Ra8 32. g4 c3 33.
Be5 c2 34. Bxb2 1-0

[Event "*** Titled Tuesday Blitz"]
[Site "Chess.com"]
[Date "2020.05.05"]
[Round "5"]
[White "Hasangatin_Ramil"]
[Black "Shield12"]
[Result "0-1"]
[WhiteElo "2526"]
[BlackElo "2811"]
[TimeControl "180+1"]
[EndTime "10:57:00 PDT"]
[Termination "Shield12 won on time"]

1. e4 e5 2. Nf3 Nc6 3. Bb5 a6 4.
Ba4 Nf6 5. Bxc6 dxc6 6. d3 Bd6 7. Bg5 h6 8. Bh4 Qe7 9. Nbd2 Bg4 10. h3 Bh5 11.
Qe2 g5 12. Bg3 O-O-O 13. Nc4 Nd7 14. Ne3 Bg6 15. h4 f6 16. hxg5 hxg5 17. O-O-O Nc5 18.
Nd2 Ne6 19. Qg4 Kb8 20. Nf5 Qf7 21. Nh6 Qd7 22. Kb1 Be7 23. Nb3 c5 24. Nd2 a5 25.
Nf5 Nd4 26. Ne3 Qc6 27. Nd5 Rxh1 28. Rxh1 Bf8 29. Rh8 Bf7 30. c4 Qd6 31. Nf3 c6 32. Nxd4 cxd4 33. Nb6 Kc7 34. Na4 b5 35. c5 Qe6 36.
Qxe6 Bxe6 37. Rh7+ Rd7 38. Rxd7+ Bxd7 39. Nb6 Be6 0-1

[Event "*** Titled Tuesday Blitz"]
[Site "Chess.com"]
[Date "2020.05.05"]
[Round "5"]
[White "PenguinPacks"]
[Black "mirochka"]
[Result "1-0"]
[WhiteElo "2351"]
[BlackElo "2170"]
[TimeControl "180+1"]
[EndTime "10:57:00 PDT"]
[Termination "PenguinPacks won on time"]

1. e4 c5 2. Nc3 Nc6 3. Nf3 e6 4. d4 cxd4 5. Nxd4 Qc7 6. Be2 a6 7. O-O b5 8. Be3 Nf6 9. a3 Bb7 10. f4 Nxd4 11. Qxd4 Rc8 12. Bf3 Bc5 13. Qxc5 Qxc5 14.
Bxc5 Rxc5 15. Rfd1 Rc7 16. Rd6 Ke7 17. Rad1 Rhc8 18.
R1d4 Bc6 19. e5 Ne8 20. Bxc6 dxc6 21. Ne4 c5 22. Rd2 Ra7 23. Rb6 c4 24. g4 f6 25.
exf6+ gxf6 26. Re2 Kf7 27. f5 exf5 28. gxf5 Rd8 29. Re6 Rd1+ 30. Kf2 Nc7 31. Nd6+ Kg7 32. Re7+ Kh6 33. R2e4 Rd2+ 34. Kg3 1-0

[Event "*** Titled Tuesday Blitz"]
[Site "Chess.com"]
[Date "2020.05.05"]
[Round "5"]
[White "Chessalary"]
[Black "allvim"]
[Result "0-1"]
[WhiteElo "2171"]
[BlackElo "2343"]
[TimeControl "180+1"]
[EndTime "10:57:00 PDT"]
[Termination "allvim won by checkmate"]

1. e4 c5 2. Nf3 d6 3. d4 cxd4 4. Nxd4 Nf6 5. Nc3 a6 6. Bc4 e6 7. Bb3 Be7 8. g4 Nc6 9. g5 Nd7 10. h4 Nc5 11. Be3 Nxb3 12. Nxb3 Ne5 13. Qe2 Qc7 14.
O-O-O b5 15. f4 Nc4 16. Bd4 O-O 17. h5 Bb7 18. g6 e5 19. fxe5 dxe5 20. Be3 Rac8 21. gxf7+ Rxf7 22. Rh2 Nxb2 23. Kxb2 Qxc3+ 24. Kb1 Bxe4 25. Bd4 exd4 26. Qxe4 Ba3 27. Qxd4 Qxd4 28. Nxd4 a5 29. Rg2 Rc4 30. c3 Rxc3 31. Ne6 Rc8 32. h6 g6 33. Ng5 Rfc7 34. Rgd2 Rc1+ 35. Rxc1 Rxc1# 0-1

[Event "*** Titled Tuesday Blitz"]
[Site "Chess.com"]
[Date "2020.05.05"]
[Round "5"]
[White "ZverevLev"]
[Black "Kaua18"]
[Result "0-1"]
[WhiteElo "2059"]
[BlackElo "2297"]
[TimeControl "180+1"]
[EndTime "10:57:01 PDT"]
[Termination "Kaua18 won by resignation"]

1. e4 c5 2. Nf3 Nc6 3. d4 cxd4 4. Nxd4 Nf6 5. Nc3 e5 6. Ndb5 d6 7. Bg5 a6 8. Na3 b5 9. Bxf6 gxf6 10. Nd5 Bg7 11. g3 O-O 12. Bg2 Ne7 13. c3 Rb8 14. Nc2 Nxd5 15. Qxd5 Bb7 16. Qd2 f5 17. O-O-O Qa5 18.
Nb4 Rbc8 19. Kb1 Rfd8 20. Nd5 Bxd5 21. Qxd5 Rc5 22. Qd3 f4 23. gxf4 Qc7 24. f5 a5 25.
Rhg1 Bf6 26. Bh3+ Kf8 27. Qe3 b4 28. cxb4 axb4 29. Bg4 b3 30. Bh5 Rc2 31. Qxb3 Rxf2 32. Rc1 Qa7 33. Rc6 Rb8 34. Ra6 Rxb2+ 35. Kxb2 0-1

[Event "*** Titled Tuesday Blitz"]
[Site "Chess.com"]
[Date "2020.05.05"]
[Round "5"]
[White "Boliviar"]
[Black "DinaBelenkaya"]
[Result "1-0"]
[WhiteElo "2319"]
[BlackElo "2124"]
[TimeControl "180+1"]
[EndTime "10:57:02 PDT"]
[Termination "Boliviar won on time"]

1. e4 d5 2. exd5 Qxd5 3. Nc3 Qa5 4. Bc4 Nf6 5. d3 Bg4 6. f3 Bd7 7. Be3 e6 8. Ne2 Bd6 9. a3 O-O 10. O-O a6 11. Ne4 Nxe4 12. fxe4 Qh5 13. Bf4 b5 14.
Bb3 Nc6 15. Qe1 Bxf4 16. Nxf4 Qe5 17. c3 Na5 18. Bc2 c5 19. Kh1 Rac8 20. Rd1 Qg5 21.
Qf2 Nc6 22. d4 cxd4 23. cxd4 Na5 24. Bd3 Nc4 25. Rfe1 e5 26. Bxc4 exf4 27. Bd5 Bg4 28. Rd3 Be6 29. Bb7 Rc4 30. d5 Bc8 31. Bc6 Rd8 32.
Qd2 a5 33. Bxb5 Rc5 34. Bc6 Ba6 35. Rd4 Qh4 36. e5 Qg4 37. Rxf4 Qh5 38. Qf2 1-0

[Event "*** Titled Tuesday Blitz"]
[Site "Chess.com"]
[Date "2020.05.05"]
[Round "5"]
[White "JessPinkman"]
[Black "AndrewDGreen"]
[Result "0-1"]
[WhiteElo "2450"]
[BlackElo "2289"]
[TimeControl "180+1"]
[EndTime "10:57:03 PDT"]
[Termination "AndrewDGreen won on time"]

1. e4 c5 2. Nf3 g6 3. d4 cxd4 4. Nxd4 Nc6 5. c4 Nf6 6. Nc3 Nxd4 7. Qxd4 d6 8. f3 Bg7 9. Be3 O-O 10. Qd2 Be6 11.
Rc1 Qa5 12. Bd3 Rfc8 13. b3 a6 14. Nd5 Qxd2+ 15. Kxd2 Nxd5 16. exd5 Bd7 17. h4 b5 18. h5 bxc4 19. Bxc4 Bb5 20. h6 Bf6 21. Rc2 Bxc4 22. Rhc1 Bb2 23. Rxb2 Bxd5 24. Rbc2 Be6 25. Rc7 Kf8 26. Bd4 Ke8 27. g4 g5 28. R1c6 f6 29. Rxc8+ Bxc8 30. Rc7 Be6 31. Bb6 a5 32. Ke3 a4 33.
bxa4 Rxa4 34. Rb7 Ra8 0-1

[Event "*** Titled Tuesday Blitz"]
[Site "Chess.com"]
[Date "2020.05.05"]
[Round "5"]
[White "shnitez"]
[Black "svilson23"]
[Result "0-1"]
[WhiteElo "2487"]
[BlackElo "2256"]
[TimeControl "180+1"]
[EndTime "10:57:03 PDT"]
[Termination "svilson23 won on time"]

1. e4 c5 2. Nf3 Nc6 3. Bb5 e5 4. O-O Bd6 5. Na3 Nge7 6. Nc4 Bc7 7. Ne3 d5 8. exd5 Nxd5 9. d3 O-O 10. Nxd5 Qxd5 11.
h3 h6 12. Re1 Bd7 13. a3 Rae8 14. Bd2 a6 15. Bc4 Qd6 16. b4 b5 17. bxc5 Qxc5 18.
Bb3 Kh8 19. Bb4 Nxb4 20. axb4 Qc6 21. c4 Bf5 22. c5 f6 23. d4 exd4 24. Nxd4 Rxe1+ 25. Qxe1 Qd7 26. Nxf5 Qxf5 27. Rxa6 Qf4 28. g3 Qf3 29.
Be6 Rd8 30. Bg4 Qb3 31. Re6 Be5 32. h4 Qc4 33. Re7 Qxg4 0-1

[Event "*** Titled Tuesday Blitz"]
[Site "Chess.com"]
[Date "2020.05.05"]
[Round "5"]
[White "Pavlov_Sergey"]
[Black "anon219"]
[Result "1-0"]
[WhiteElo "2607"]
[BlackElo "2761"]
[TimeControl "180+1"]
[EndTime "10:57:04 PDT"]
[Termination "Pavlov_Sergey won by resignation"]

1. c4 e6 2. g3 d5 3. Bg2 d4 4. Nf3 c5 5. O-O Nf6 6. e3 Nc6 7. exd4 cxd4 8. d3 h6 9. Re1 Bd6 10. Na3 O-O 11. Nc2 e5 12. b4 a6 13.
b5 axb5 14. cxb5 Na7 15. a4 Re8 16. Ba3 Bg4 17. h3 Bh5 18. g4 Bg6 19. Nh4 Bxa3 20.
Nxa3 Bh7 21. Nc4 e4 22. Nf5 Bxf5 23. gxf5 e3 24. Qf3 Nc8 25. Qxb7 Ra7 26. Qf3 Rae7 27. a5 Nd6 28. Nxd6 Qxd6 29. b6 Qb4 30. Reb1 Qd2 31.
b7 exf2+ 32. Qxf2 Re2 33. Qf3 R2e3 34. Qf1 Nh5 35. b8=Q Ng3 36. Qf2 Ne2+ 37. Kh2 Rxb8 38. Rxb8+ Kh7 39. f6 g6 40. Rb7 Kg8 41. a6 Qc3 42. a7 1-0

[Event "*** Titled Tuesday Blitz"]
[Site "Chess.com"]
[Date "2020.05.05"]
[Round "5"]
[White "Agnes66678"]
[Black "IwkooO"]
[Result "1-0"]
[WhiteElo "2422"]
[BlackElo "2563"]
[TimeControl "180+1"]
[EndTime "10:57:05 PDT"]
[Termination "Agnes66678 won by resignation"]

1. d4 Nf6 2. c4 e6 3. g3 c5 4. d5 exd5 5. cxd5 b5 6. e4 d6 7. Bxb5+ Bd7 8. Bd3 g6 9. Nc3 Bg7 10. Nf3 O-O 11. O-O Bg4 12. Re1 Nbd7 13. Bf1 Ne5 14. Bg2 Rb8 15. Rb1 Nfd7 16. Bf4 Qb6 17. h3 Nxf3+ 18.
Bxf3 Bxh3 19. Qc2 Ne5 20. Be2 Rfe8 21. Be3 Ng4 22. Bxg4 Bxg4 23. Kg2 Qb4 24. f3 Bd7 25. Bf4 Rb6 26. a3 Qa5 27. b4 Qxa3 28. Rb3 Qa6 29.
bxc5 dxc5 30. Rxb6 axb6 31. e5 Bf5 32. Qd2 b5 33. d6 b4 34. Nd5 Qc6 35. g4 Be6 36. Nc7 Rd8 37. Rc1 Bxg4 38. Qe3 Be6 39. Rxc5 Qb7 40.
Nxe6 fxe6 41. Qb3 g5 42. Bxg5 Rf8 43. Be7 Rf5 44. Qxe6+ Rf7 45. Rc8+ 1-0

[Event "*** Titled Tuesday Blitz"]
[Site "Chess.com"]
[Date "2020.05.05"]
[Round "5"]
[White "ClassyEl"]
[Black "Keks2017"]
[Result "1-0"]
[WhiteElo "2553"]
[BlackElo "2388"]
[TimeControl "180+1"]
[EndTime "10:57:06 PDT"]
[Termination "ClassyEl won by resignation"]

1. d4 d6 2. Nf3 Nf6 3. c4 g6 4. Nc3 Bg7 5. Bg5 h6 6. Bh4 g5 7. Bg3 Nh5 8. e3 e6 9. Bd3 Nd7 10. Nd2 Nxg3 11. hxg3 Nf6 12. f4 Bd7 13. Nde4 Nxe4 14.
Bxe4 c6 15. Bf3 d5 16. c5 O-O 17. Be2 f5 18. b4 a6 19. a4 Qf6 20. Qd2 Rfc8 21. O-O g4 22. b5 axb5 23. axb5 Qd8 24. Qb2 Rxa1 25. Rxa1 Ra8 26. b6 Rxa1+ 27. Qxa1 Bf6 28.
Qa7 Bc8 29. Na2 h5 30. Nb4 h4 31. gxh4 Bxh4 32. Qb8 Bd7 33. Qxd8+ Bxd8 34. Ba6 Bc8 35. Nxc6 bxc6 36. Bxc8 Kf7 37. Bd7 Ke7 38. Bxc6 Kf7 39. Kf2 Bh4+ 40. Ke2 Bd8 41. Kd3 Ke7 42. Bb7 Kd7 43.
c6+ 1-0

[Event "*** Titled Tuesday Blitz"]
[Site "Chess.com"]
[Date "2020.05.05"]
[Round "5"]
[White "LPSupi"]
[Black "maciek_92"]
[Result "1-0"]
[WhiteElo "2921"]
[BlackElo "2720"]
[TimeControl "180+1"]
[EndTime "10:57:07 PDT"]
[Termination "LPSupi won by checkmate"]

1. d4 Nf6 2. c4 e6 3. Nf3 b6 4. a3 Bb7 5. Nc3 d5 6. cxd5 exd5 7. Bg5 Nbd7 8. e3 a6 9. Bd3 Bd6 10. Qc2 h6 11. Bh4 O-O 12. O-O Qe8 13. Bf5 g6 14.
Bxd7 Nxd7 15. Rfe1 f5 16. Bg3 Qe6 17. Rac1 Rac8 18. Ne2 g5 19. Qc3 Rfe8 20. b4 Qf6 21. Bxd6 Qxd6 22. a4 f4 23. exf4 gxf4 24. Qd2 Rf8 25. Nc3 Rce8 26. b5 a5 27. Qd3 Kg7 28.
Re2 Rxe2 29. Qxe2 Nf6 30. Ne5 Bc8 31. Qc2 Re8 32. Qg6+ Kf8 33. Qf7# 1-0

[Event "*** Titled Tuesday Blitz"]
[Site "Chess.com"]
[Date "2020.05.05"]
[Round "5"]
[White "GMKrikor"]
[Black "plumalka"]
[Result "1-0"]
[WhiteElo "2851"]
[BlackElo "2452"]
[TimeControl "180+1"]
[EndTime "10:57:07 PDT"]
[Termination "GMKrikor won by resignation"]

1. Nf3 c5 2. c4 Nc6 3. Nc3 e5 4. e3 Nf6 5. d4 cxd4 6. exd4 e4 7.
Ne5 Bb4 8. Be2 O-O 9. O-O d6 10. Nxc6 bxc6 11. a3 Ba5 12. b4 Bc7 13. d5 cxd5 14.
Nxd5 Bb7 15. Ne3 d5 16. Bb2 Qd6 17. g3 Rad8 18. c5 Qe6 19. Qd4 Rfe8 20. Rfd1 h5 21. b5 h4 22. Bf1 hxg3 23. hxg3 Nh5 24. Be2 Nf6 25. Bg4 Qe5 26. Qxe5 Bxe5 27. Bxe5 Rxe5 28. c6 Bc8 29. Bxc8 Rxc8 30. a4 Kf8 31. Rac1 Ke7 32.
a5 d4 33. b6 axb6 34. axb6 Rh8 35. Rxd4 Reh5 36. Nf1 e3 37. fxe3 Rh1+ 38. Kg2 R8h2+ 39.
Nxh2 Rxc1 40. b7 Rc2+ 41. Kf1 Nd5 42. Rxd5 1-0

[Event "*** Titled Tuesday Blitz"]
[Site "Chess.com"]
[Date "2020.05.05"]
[Round "5"]
[White "Mili_Brizzi"]
[Black "EugeneRougon"]
[Result "0-1"]
[WhiteElo "2444"]
[BlackElo "2749"]
[TimeControl "180+1"]
[EndTime "10:57:07 PDT"]
[Termination "EugeneRougon won by resignation"]

1. d4 d6 2. c4 g6 3. e4 Bg7 4. Nc3 e5 5. Nf3 Nc6 6. d5 Nd4 7. Be3 Bg4 8. Be2 Nxe2 9. Qxe2 Nf6 10. h3 Bd7 11. g4 O-O 12. O-O-O a6 13. Kb1 b5 14. g5 Nh5 15. Ka1 Nf4 16. Bxf4 exf4 17. Qd2 bxc4 18. h4 Rb8 19. Qxf4 Qc8 20. Qe3 Re8 21. Nd2 c6 22. Nxc4 Qc7 23. Rc1 c5 24. h5 Rb4 25. Nd2 Reb8 26. Rc2 Qa5 27. Ndb1 Ba4 28. Rd2 Bb3 29. Rc1 Bxa2 30. Na3 Bb3 31. Kb1 Ra4 32. f4 Rxa3 33. bxa3 Qxa3 34. Rb2 Ba2+ 35. Kc2 Rxb2+ 36. Kd3 Rb3 0-1

[Event "*** Titled Tuesday Blitz"]
[Site "Chess.com"]
[Date "2020.05.05"]
[Round "5"]
[White "Char_dasha"]
[Black "Boninknights"]
[Result "0-1"]
[WhiteElo "2264"]
[BlackElo "2154"]
[TimeControl "180+1"]
[EndTime "10:57:07 PDT"]
[Termination "Boninknights won on time"]

1. d4 Nf6 2. c4 e6 3. Nc3 Bb4 4. Qc2 c5 5. dxc5 Na6 6. a3 Bxc3+ 7. Qxc3 Nxc5 8. b4 Nce4 9. Qe3 Nd6 10. Qd3 Nf5 11. e4 Ne7 12. e5 Nfg8 13. Nf3 b6 14. Qe4 Rb8 15. Bd3 Bb7 16. Qg4 Ng6 17. Bb2 Nh6 18.
Qd4 Bxf3 19. gxf3 Qg5 20. h4 Qf4 21. Qxf4 Nxf4 22. Be4 Nf5 23. O-O-O Ke7 24. Kb1 Rhc8 25. Bxf5 exf5 26. Rhg1 g6 27. e6 Nxe6 28. Rc1 Rc6 29. Rge1 Rbc8 30. c5 bxc5 31. b5 Rb6 32. a4 a6 33. Ba3 Kd8 34. Ka2 axb5 35. axb5 Rxb5 36. Rb1 Rcb8 37. Rxb5 Rxb5 38. Re5 Kc7 39. h5 Kc6 40. hxg6 hxg6 41. Re2 d5 0-1

[Event "*** Titled Tuesday Blitz"]
[Site "Chess.com"]
[Date "2020.05.05"]
[Round "5"]
[White "ntmh281"]
[Black "mamonika"]
[Result "1-0"]
[WhiteElo "2286"]
[BlackElo "1975"]
[TimeControl "180+1"]
[EndTime "10:57:07 PDT"]
[Termination "ntmh281 won on time"]

1. d4 Nf6 2. Nf3 g6 3. Bg5 Bg7 4. Nbd2 d5 5. e3 Bf5 6. c4 c6 7. Qb3 Qb6 8. c5 Qxb3 9. axb3 O-O 10. b4 Nfd7 11. Bxe7 Re8 12. Bd6 g5 13. h3 h6 14.
Be2 Nf6 15. O-O Nbd7 16. b5 Ne4 17. bxc6 bxc6 18. Nxe4 Bxe4 19. Ra6 f5 20. Rfa1 g4 21. hxg4 fxg4 22. Nd2 g3 23. Nxe4 Rxe4 24. Bf3 gxf2+ 25. Kxf2 Re6 26. Rxc6 Nf6 27. Rca6 h5 28. Rxa7 Rae8 29. R1a3 Bh6 30. Be5 Ng4+ 31. Bxg4 hxg4 32. b4 Rf8+ 33. Kg3 Rg6 34. b5 Bg5 35. b6 Bd8 36. b7 Rh6 37. b8=Q Bh4+ 38. Kxg4 1-0

[Event "*** Titled Tuesday Blitz"]
[Site "Chess.com"]
[Date "2020.05.05"]
[Round "5"]
[White "tamarozi99"]
[Black "Kensei26"]
[Result "1/2-1/2"]
[WhiteElo "2001"]
[BlackElo "2152"]
[TimeControl "180+1"]
[EndTime "10:57:07 PDT"]
[Termination "Game drawn by agreement"]

1. e4 d6 2. d4 Nf6 3. Nc3 g6 4. Nf3 Bg7 5. h3 O-O 6. Be3 c6 7. a4 Qc7 8. Be2 Nbd7 9. O-O Re8 10. a5 e5 11. d5 cxd5 12. Nxd5 Nxd5 13. Qxd5 Nf6 14.
Qc4 Qxc4 15. Bxc4 Nxe4 16. Bd5 Nf6 17. c4 Nxd5 18. cxd5 Bd7 19. Rfc1 Bb5 20. Rc7 Ba6 21.
Ng5 Rec8 22. Rac1 b5 23. axb6 axb6 24. Bxb6 Rxc7 25. Rxc7 Rb8 26. Be3 Rxb2 27. Nxf7 Rb7 28. Rxb7 Bxb7 29. Nxd6 Bxd5 30. Nb5 Bb7 31. f3 e4 32.
fxe4 Bxe4 33. Kf2 Bb7 34. Nd4 h5 35. g4 h4 36. g5 Kf7 37. Nf3 Bxf3 38. Kxf3 Be5 39.
Bf2 Ke6 40. Bxh4 Kf5 41. Bg3 Bxg3 42. Kxg3 Kxg5 43. h4+ Kh5 1/2-1/2

[Event "*** Titled Tuesday Blitz"]
[Site "Chess.com"]
[Date "2020.05.05"]
[Round "5"]
[White "Sweafty"]
[Black "platy3"]
[Result "0-1"]
[WhiteElo "2520"]
[BlackElo "2712"]
[TimeControl "180+1"]
[EndTime "10:57:08 PDT"]
[Termination "platy3 won on time"]

1. Nf3 d5 2. c4 d4 3. b4 c5 4. e3 dxe3 5. fxe3 cxb4 6. d4 Nf6 7.
Bd3 g6 8. O-O Bg7 9. Qa4+ Nc6 10. a3 bxa3 11. Bxa3 O-O 12. Nc3 Bd7 13. Qb3 b6 14.
Rfd1 Rc8 15. Rac1 Bg4 16. Be2 Bh6 17. Nd5 Nxd5 18. cxd5 Na5 19. Rxc8 Nxb3 20. Rxd8 Bxe3+ 21. Kf1 Rxd8 22. Rd3 Bxf3 23. Bxf3 Nd2+ 24. Rxd2 Bxd2 25. Bxe7 Rd7 26. d6 Bb4 27. Bc6 Rxe7 28. dxe7 Bxe7 29. Ke2 Bd6 30. h3 f5 31. Kd3 Kf7 32. Kc4 Ke6 33.
Bd5+ Kf6 34. Kb5 Bh2 35. Ka6 Bg1 36. Kxa7 Bxd4 37. Ka6 Ke5 38. Bg8 h6 39. Kb5 Kf4 40. Kc4 Bc5 41. Bd5 Kg3 42. Bc6 g5 43. Kd3 Kf2 44.
Kc4 h5 45. Kd3 g4 46. hxg4 fxg4 47. Kd2 b5 48. Kc3 b4+ 49. Kc4 Be7 50. Bd5 h4 51. Bc6 Kg3 52. Bd5 h3 53. gxh3 gxh3 54. Kd3 Kf2 55. Bc6 h2 56. Bd5 Kg1 0-1